TOP OF THE 1ST |
Victoria Capitals batting - Pitching for Oakland Oaks : RHP Roberto Benavides
|
Pitching: RHP Roberto Benavides
|
|
Batting: RHB John Vasquez
|
0-0: Called Strike 0-1: Ball 1-1: Ball 2-1: Foul Ball, location: 2F 2-2: Strikes out swinging
|
Batting: RHB Enrique Valdez
|
0-0: Called Strike 0-1: Swinging Strike 0-2: Ball 1-2: Strikes out looking
|
Batting: RHB Mike Conaway
|
0-0: Foul Ball, location: 2F 0-1: Ball 1-1: Ball 2-1: Ground out 6-3 (Groundball, 6, EV 89.4 MPH)
|
Top of the 1st over - 0 runs, 0 hits, 0 errors, 0 left on base; Victoria 0 - Oakland 0 |
BOTTOM OF THE 1ST |
Oakland Oaks batting - Pitching for Victoria Capitals : RHP Josh Newell
|
Pitching: RHP Josh Newell
|
|
Batting: RHB Scott Lister
|
0-0: Foul Ball, location: 2F 0-1: Swinging Strike 0-2: Ball 1-2: Strikes out swinging
|
Batting: RHB Chris Bohm
|
0-0: Foul Ball, location: 2F 0-1: Ball 1-1: Foul Ball, location: 2F 1-2: Ball 2-2: Ground out 3-1 (Groundball, 34, EV 100.6 MPH)
|
Batting: SHB D.J. Codd
|
0-0: Called Strike 0-1: Ball 1-1: Foul Ball, location: 2F 1-2: SOLO HOME RUN (Flyball, 8RXD, EV 115.0 MPH), Distance : 463 ft
|
Batting: LHB Gregg Power
|
0-0: SINGLE (Groundball, 4, EV 98.8 MPH)
|
Batting: RHB Todd Vanasco
|
0-0: Ball Wild Pitch! Gregg Power to second 1-0: Ball 2-0: Foul Ball, location: 2F 2-1: Foul Ball, location: 2F 2-2: Foul Ball, location: 2F 2-2: Strikes out swinging, 2-3 out at first.
|
Bottom of the 1st over - 1 run, 2 hits, 0 errors, 1 left on base; Victoria 0 - Oakland 1 |
TOP OF THE 2ND |
Victoria Capitals batting - Pitching for Oakland Oaks : RHP Roberto Benavides
|
Batting: SHB Ray Skogen
|
0-0: Called Strike 0-1: Swinging Strike 0-2: Ball 1-2: Ball 2-2: Ball 3-2: Strikes out swinging
|
Batting: LHB Addisu Nyamekye
|
0-0: Called Strike 0-1: Ball 1-1: Foul Ball, location: 2F 1-2: Strikes out swinging
|
Batting: RHB Kinzo Yokoyama
|
0-0: Called Strike 0-1: Foul Ball, location: 2F 0-2: Ball 1-2: Foul Ball, location: 2F 1-2: Strikes out swinging, 2-3 out at first.
|
Top of the 2nd over - 0 runs, 0 hits, 0 errors, 0 left on base; Victoria 0 - Oakland 1 |
BOTTOM OF THE 2ND |
Oakland Oaks batting - Pitching for Victoria Capitals : RHP Josh Newell
|
Batting: RHB Tim Cordle
|
0-0: Ball 1-0: Called Strike 1-1: Ball 2-1: Ground out 1-3 (Groundball, 15S, EV 74.4 MPH)
|
Batting: RHB Tetsuya Shinoda
|
0-0: Ball 1-0: Ball 2-0: Ball 3-0: Called Strike 3-1: Foul Ball, location: 2F 3-2: Strikes out swinging
|
Batting: RHB Larry Clark
|
0-0: Ground out 6-3 (Groundball, 6, EV 85.0 MPH)
|
Bottom of the 2nd over - 0 runs, 0 hits, 0 errors, 0 left on base; Victoria 0 - Oakland 1 |
TOP OF THE 3RD |
Victoria Capitals batting - Pitching for Oakland Oaks : RHP Roberto Benavides
|
Batting: RHB Jose Zuniga
|
0-0: Ball 1-0: Foul Ball, location: 2F 1-1: Swinging Strike 1-2: Strikes out swinging
|
Batting: RHB Victor Ramirez
|
0-0: Foul Ball, location: 2F 0-1: Swinging Strike 0-2: SOLO HOME RUN (Flyball, 9LD, EV 94.4 MPH), Distance : 345 ft
|
Batting: RHB David Greene
|
0-0: Called Strike 0-1: Ball 1-1: Foul Ball, location: 2F 1-2: Strikes out looking
|
Batting: RHB John Vasquez
|
0-0: Called Strike 0-1: Foul Ball, location: 2F 0-2: Foul Ball, location: 2F 0-2: Ball 1-2: Ball 2-2: Ball 3-2: Strikes out swinging
|
Top of the 3rd over - 1 run, 1 hit, 0 errors, 0 left on base; Victoria 1 - Oakland 1 |
BOTTOM OF THE 3RD |
Oakland Oaks batting - Pitching for Victoria Capitals : RHP Josh Newell
|
Batting: RHB Travis Robinson
|
0-0: Foul Ball, location: 2F 0-1: Ball 1-1: Ball 2-1: Fly out, F7 (Flyball, 78D, EV 96.9 MPH)
|
Batting: RHB Scott Lister
|
0-0: Called Strike 0-1: Ball 1-1: Foul Ball, location: 2F 1-2: Foul Ball, location: 2F 1-2: Ball 2-2: Ball 3-2: Fly out, F8 (Flyball, 8RXD, EV 93.1 MPH)
|
Batting: RHB Chris Bohm
|
0-0: Ball 1-0: Ball 2-0: Foul Ball, location: 2F 2-1: Swinging Strike 2-2: Strikes out swinging
|
Bottom of the 3rd over - 0 runs, 0 hits, 0 errors, 0 left on base; Victoria 1 - Oakland 1 |
TOP OF THE 4TH |
Victoria Capitals batting - Pitching for Oakland Oaks : RHP Roberto Benavides
|
Batting: RHB Enrique Valdez
|
0-0: Foul Ball, location: 2F 0-1: Ball 1-1: Foul Ball, location: 2F 1-2: SOLO HOME RUN (Flyball, 7D, EV 101.2 MPH), Distance : 387 ft
|
Batting: RHB Mike Conaway
|
0-0: Ball 1-0: Swinging Strike 1-1: Ball 2-1: Ball 3-1: Base on Balls
|
Batting: SHB Ray Skogen
|
0-0: Ball 1-0: Foul Ball, location: 2F 1-1: Ball 2-1: Ball 3-1: Foul Ball, location: 2F 3-2: Strikes out swinging
|
Batting: LHB Addisu Nyamekye
|
0-0: Ball 1-0: Swinging Strike 1-1: Ball 2-1: Called Strike 2-2: Strikes out swinging
|
Batting: RHB Kinzo Yokoyama
|
0-0: Foul Ball, location: 2F 0-1: Foul Ball, location: 2F 0-2: Foul Ball, location: 2F 0-2: Strikes out swinging
|
Top of the 4th over - 1 run, 1 hit, 0 errors, 1 left on base; Victoria 2 - Oakland 1 |
BOTTOM OF THE 4TH |
Oakland Oaks batting - Pitching for Victoria Capitals : RHP Josh Newell
|
Batting: SHB D.J. Codd
|
0-0: Foul Ball, location: 2F 0-1: SINGLE (Flyball, 7LS, EV 98.1 MPH)
|
Batting: LHB Gregg Power
|
0-0: Ball 1-0: Grounds into double play, 3-6-3 (Groundball, 3S, EV 83.8 MPH)
|
Batting: RHB Todd Vanasco
|
0-0: Ball 1-0: Fly out, F8 (Flyball, 89D, EV 101.9 MPH)
|
Bottom of the 4th over - 0 runs, 1 hit, 0 errors, 0 left on base; Victoria 2 - Oakland 1 |
TOP OF THE 5TH |
Victoria Capitals batting - Pitching for Oakland Oaks : RHP Roberto Benavides
|
Batting: RHB Jose Zuniga
|
0-0: Foul Ball, location: 2F 0-1: Ball 1-1: Foul Ball, location: 2F 1-2: Strikes out looking
|
Batting: RHB Victor Ramirez
|
0-0: Called Strike 0-1: Called Strike 0-2: Ball 1-2: Ball 2-2: Strikes out swinging
|
Batting: RHB David Greene
|
0-0: Swinging Strike 0-1: Foul Ball, location: 2F 0-2: Foul Ball, location: 2F 0-2: Ball 1-2: Strikes out looking
|
Top of the 5th over - 0 runs, 0 hits, 0 errors, 0 left on base; Victoria 2 - Oakland 1 |
BOTTOM OF THE 5TH |
Oakland Oaks batting - Pitching for Victoria Capitals : RHP Josh Newell
|
Batting: RHB Tim Cordle
|
0-0: Ground out 1-3 (Groundball, 15S, EV 69.4 MPH)
|
Batting: RHB Tetsuya Shinoda
|
0-0: Swinging Strike 0-1: Ball 1-1: Foul Ball, location: 2F 1-2: Fly out, F7 (Flyball, 7, EV 83.8 MPH)
|
Batting: RHB Larry Clark
|
0-0: Swinging Strike 0-1: Foul Ball, location: 2F 0-2: Ball 1-2: Strikes out swinging
|
Bottom of the 5th over - 0 runs, 0 hits, 0 errors, 0 left on base; Victoria 2 - Oakland 1 |
TOP OF THE 6TH |
Victoria Capitals batting - Pitching for Oakland Oaks : RHP Roberto Benavides
|
Batting: RHB John Vasquez
|
0-0: Swinging Strike 0-1: Swinging Strike 0-2: Ground out 4-3 (Groundball, 4, EV 88.1 MPH)
|
Pitching: RHP Kevin Endsley
|
|
Batting: RHB Enrique Valdez
|
0-0: Ball 1-0: Foul Ball, location: 2F 1-1: Swinging Strike 1-2: Ball 2-2: Strikes out swinging
|
Batting: RHB Mike Conaway
|
0-0: Ball 1-0: Ball 2-0: Called Strike 2-1: Ball 3-1: Called Strike 3-2: DOUBLE (Line Drive, 89D, EV 108.1 MPH)
|
Batting: SHB Ray Skogen
|
0-0: Called Strike 0-1: Ball 1-1: Called Strike 1-2: Strikes out looking
|
Top of the 6th over - 0 runs, 1 hit, 0 errors, 1 left on base; Victoria 2 - Oakland 1 |
BOTTOM OF THE 6TH |
Oakland Oaks batting - Pitching for Victoria Capitals : RHP Josh Newell
|
Batting: RHB Travis Robinson
|
0-0: SINGLE (Line Drive, 3L, EV 115.0 MPH)
|
Batting: RHB Scott Lister
|
0-0: Foul Ball, location: 2F 0-1: Foul Ball, location: 2F 0-2: Ball 1-2: Foul Ball, location: 2F 1-2: SINGLE (Line Drive, 4D, EV 95.6 MPH) Travis Robinson to second
|
Pinch Hitting: LHB Augustin Cormier
|
0-0: DOUBLE (Line Drive, 9LS, EV 104.4 MPH) Travis Robinson scores Scott Lister to third
|
Batting: SHB D.J. Codd
|
0-0: Ball 1-0: Called Strike 1-1: Swinging Strike 1-2: Strikes out swinging
|
Batting: LHB Gregg Power
|
0-0: Ball 1-0: Foul Ball, location: 2F 1-1: Ball 2-1: Foul Ball, location: 2F 2-2: Fly out, F8 (Line Drive, 8LM, EV 98.8 MPH) Runner from 3rd tags up, SCORES, throw by CF Augustin Cormier to third
|
Pitching: RHP Michel Méry
|
|
Batting: RHB Todd Vanasco
|
0-0: Called Strike 0-1: Fly out, F9 (Flyball, 89XD, EV 81.2 MPH)
|
Bottom of the 6th over - 2 runs, 3 hits, 0 errors, 1 left on base; Victoria 2 - Oakland 3 |
TOP OF THE 7TH |
Victoria Capitals batting - Pitching for Oakland Oaks : RHP Kevin Endsley
|
Now in CF: Felipe Gomez
|
|
Batting: LHB Addisu Nyamekye
|
0-0: Foul Ball, location: 2F 0-1: Ball 1-1: Called Strike 1-2: Ball 2-2: Foul Ball, location: 2F 2-2: Foul Ball, location: 2F 2-2: Strikes out swinging
|
Batting: RHB Kinzo Yokoyama
|
0-0: DOUBLE (Line Drive, 8LXD, EV 105.6 MPH)
|
Batting: RHB Jose Zuniga
|
0-0: Swinging Strike 0-1: Ball 1-1: Foul Ball, location: 2F 1-2: Strikes out swinging
|
Batting: RHB Victor Ramirez
|
0-0: Called Strike 0-1: Swinging Strike 0-2: Strikes out swinging
|
Top of the 7th over - 0 runs, 1 hit, 0 errors, 1 left on base; Victoria 2 - Oakland 3 |
BOTTOM OF THE 7TH |
Oakland Oaks batting - Pitching for Victoria Capitals : RHP Michel Méry
|
Batting: RHB Tim Cordle
|
0-0: Ball 1-0: Reached on error, E6 (Groundball, 56, EV 99.4 MPH)
|
Batting: RHB Tetsuya Shinoda
|
0-0: Bunted foul 0-1: Sac Bunt to 2L - play at second, runner OUT! 2-6
|
Batting: RHB Larry Clark
|
0-0: Ball 1-0: Foul Ball, location: 2F 1-1: Ball 2-1: Swinging Strike 2-2: Ball 3-2: Foul Ball, location: 2F 3-2: Foul Ball, location: 2F 3-2: Base on Balls Tetsuya Shinoda to second
|
Batting: RHB Travis Robinson
|
0-0: Foul Ball, location: 2F 0-1: Fly out, F9 (Line Drive, 9, EV 93.8 MPH)
|
Batting: RHB Scott Lister
|
0-0: Foul Ball, location: 2F 0-1: Fly out, F9 (Flyball, 89M, EV 92.5 MPH)
|
Bottom of the 7th over - 0 runs, 0 hits, 1 error, 2 left on base; Victoria 2 - Oakland 3 |
TOP OF THE 8TH |
Victoria Capitals batting - Pitching for Oakland Oaks : RHP Kevin Endsley
|
Pitching: RHP Chad Cooper
|
|
Now at 1B: Jason Dove
|
|
Pinch Hitting: LHB Jason Kinney
|
0-0: Ball 1-0: Foul Ball, location: 2F 1-1: Ball 2-1: Foul Ball, location: 2F 2-2: Foul Ball, location: 2F 2-2: Foul Ball, location: 2F 2-2: Ball 3-2: Strikes out swinging
|
Pinch Hitting: LHB Ryan Daniels
|
0-0: Ball 1-0: Ball 2-0: Foul Ball, location: 2F 2-1: Swinging Strike 2-2: Strikes out swinging
|
Batting: RHB Enrique Valdez
|
0-0: Ball 1-0: Foul Ball, location: 2F 1-1: Called Strike 1-2: Foul Ball, location: 2F 1-2: Fly out, F8 (Line Drive, 8RD, EV 96.9 MPH)
|
Top of the 8th over - 0 runs, 0 hits, 0 errors, 0 left on base; Victoria 2 - Oakland 3 |
BOTTOM OF THE 8TH |
Oakland Oaks batting - Pitching for Victoria Capitals : RHP Michel Méry
|
Now at 3B: Jason Kinney
|
|
Now at SS: Enrique Valdez
|
|
Now in RF: Ryan Daniels
|
|
Batting: LHB Felipe Gomez
|
0-0: Ball 1-0: Fly out, F9 (Flyball, 89S, EV 81.2 MPH)
|
Batting: SHB D.J. Codd
|
0-0: Ball 1-0: Ball 2-0: Called Strike 2-1: Fly out, F7 (Flyball, 78S, EV 86.9 MPH)
|
Batting: LHB Gregg Power
|
0-0: Ball 1-0: Called Strike 1-1: Called Strike 1-2: Strikes out swinging
|
Bottom of the 8th over - 0 runs, 0 hits, 0 errors, 0 left on base; Victoria 2 - Oakland 3 |
TOP OF THE 9TH |
Victoria Capitals batting - Pitching for Oakland Oaks : RHP Chad Cooper
|
Pitching: RHP Charlie Shook
|
|
Batting: RHB Mike Conaway
|
0-0: Foul Ball, location: 2F 0-1: Swinging Strike 0-2: Strikes out swinging
|
Batting: SHB Ray Skogen
|
0-0: Foul Ball, location: 2F 0-1: Ball 1-1: Foul Ball, location: 2F 1-2: Ball 2-2: Foul Ball, location: 2F 2-2: Strikes out looking
|
Batting: LHB Addisu Nyamekye
|
0-0: Ball 1-0: Called Strike 1-1: Ball 2-1: Ball 3-1: Foul Ball, location: 2F 3-2: Foul Ball, location: 2F 3-2: Strikes out swinging
|
Top of the 9th over - 0 runs, 0 hits, 0 errors, 0 left on base; Victoria 2 - Oakland 3 |
|